 Dungeon Crawl Stone Soup version 0.24-a0-409-gda47cbf (webtiles) character file.

Game seed: 3442942404467811650

162 MatthieuS the Charlatan (level 5, -2/32 HPs)
             Began as a Kobold Artificer on June 5, 2019.
             Killed by divine providence
             ... invoked by an orc priest
              (16 damage)
             ... on level 3 of the Dungeon.
             The game lasted 00:07:18 (3315 turns).

MatthieuS the Charlatan (Kobold Artificer)          Turns: 3315, Time: 00:07:19

Health: -2/32      AC:  6    Str: 11    XL:     5   Next: 71%
Magic:  9/9        EV: 14    Int: 12    God:
Gold:   156        SH:  0    Dex: 15    Spells: 4/4 levels left

rFire    . . .     SeeInvis .   l - +0 hunting sling
rCold    . . .     Gourm    .   (shield restricted)
rNeg     . . .     Faith    .   o - +1 leather armour {rPois}
rPois    +         Spirit   .   n - +0 helmet
rElec    .         Reflect  .   (no cloak)
rCorr    .         Harm     .   (no gloves)
MR       .....                  h - +0 pair of boots
Stlth    ++........             (no amulet)
HPRegen  0.10/turn              (no ring)
MPRegen  0.11/turn              (no ring)

@: no status effects
A: small, carnivore
a: no special abilities


You were on level 3 of the Dungeon.
You were completely stuffed.

You visited 1 branch of the dungeon, and saw 3 of its levels.

You collected 156 gold pieces.

Inventory:

Hand Weapons
 a - a +0 short sword
 l - a +0 hunting sling (weapon)
   (You found it on level 2 of the Dungeon)
Missiles
 m - 134 stones (quivered)
Armour
 h - a +0 pair of boots (worn)
   (You found it on level 1 of the Dungeon)
 k - a +0 scale mail
   (You found it on level 1 of the Dungeon)
 n - a +0 helmet (worn)
   (You took it off Robin on level 3 of the Dungeon)
 o - a +1 leather armour of poison resistance (worn)
   (You took it off an orc on level 3 of the Dungeon)
Wands
 d - a wand of enslavement (8)
 f - a wand of random effects (15)
 t - a wand of flame (5)
Scrolls
 g - 3 scrolls of identify {unknown}
 j - a scroll of enchant weapon {unknown}
 p - a scroll of teleportation {unknown}
 q - 2 scrolls of enchant armour {unknown}
 r - a scroll of fear {unknown}
Potions
 c - a potion of curing {unknown}
 i - a potion of flight {unknown}
Comestibles
 b - a chunk of flesh
 e - 4 rations


   Skills:
 + Level 2.8 Fighting
 - Level 1.3 Short Blades
 - Level 2.4 Dodging
 + Level 3.8 Stealth
 * Level 5.7 Evocations


You had 4 spell levels left.
You didn't know any spells.
Your spell library was empty.

Dungeon Overview and Level Annotations

Branches:
Dungeon (3/15)

Altars:
Ashenzari


Innate Abilities, Weirdness & Mutations

You are small and have problems with some larger weapons.
You are carnivorous and can eat meat at any time.


Message History

The orc priest moves out of view.
Firing (i - inventory)
m - 138 stones (quivered)
Aim: a leopard gecko (clinging)
You shoot a stone. The stone misses the leopard gecko.
The leopard gecko closely misses you.
The orc priest looks satisfied for a moment.
The leopard gecko barely misses you.
Firing (i - inventory)
m - 137 stones (quivered)
Aim: a leopard gecko (clinging)
You shoot a stone.
The stone barely misses the leopard gecko.
The leopard gecko closely misses you. The orc misses you.
Firing (i - inventory)
m - 136 stones (quivered)
Aim: a leopard gecko (clinging)
You shoot a stone.
The stone hits the orc but does no damage.
The leopard gecko bites you but does no damage.
The orc priest mumbles some strange prayers to Beogh against you.
Beogh smites you! The orc hits you but does no damage.
The leopard gecko bites you but does no damage.
Firing (i - inventory)
m - 135 stones (quivered)
Aim: an orc, wielding a +0 dagger and wearing a +0 ring mail You shoot a stone.
The stone hits the orc but does no damage.
A hobgoblin comes into view. It is wielding a +0 club.
The leopard gecko bites you. The orc hits you but does no damage.
Aim: an orc priest, wielding a +1 falchion of protection (chance to defeat MR: 62%)
The leopard gecko is charmed.
Your leopard gecko bites the orc but does no damage.
The orc closely misses you.
The orc priest invokes the aid of Beogh against you.
Beogh smites you!
* * * LOW HITPOINT WARNING * * *
The hobgoblin completely misses your leopard gecko.
Your leopard gecko bites the orc but does no damage.
Something completely misses your leopard gecko.
The orc priest completely misses your leopard gecko.
Something closely misses your leopard gecko.
Aim: an orc priest, wielding a +1 falchion of protection (chance to defeat MR: 62%)
The orc is charmed.
Your leopard gecko bites the orc priest.
Something barely misses your leopard gecko.
Your leopard gecko bites the orc priest.
Aim: an orc priest, wielding a +1 falchion of protection (moderately wounded, chance to defeat MR: 62%)
The orc priest is charmed.
Something barely misses your leopard gecko. x2
The orc priest mumbles some strange prayers to Beogh against you.
Beogh smites you!
Ouch! That really hurt!
You die...

### #....#
#.รท..##
#####.....#
#.........##
#..........#
#........#>##
#........#..#
###########.##
#o@# ##o#
#(lg.(...
##.o###.# .>(.
#####


You could see an orc priest, a friendly orc priest, a friendly orc and a
friendly leopard gecko.

Vanquished Creatures
  An orc wizard (D:3)
  5 adders
  An ooze (D:1)
  A worm (D:2)
  3 dart slugs
  A leopard gecko (D:2)
  3 orcs (D:3)
  5 bats
  4 giant cockroaches
  15 goblins
  5 hobgoblins
  9 jackals
  5 kobolds
  2 quokkas (D:2)
  A frilled lizard (D:1)
  2 rats
63 creatures vanquished.

Vanquished Creatures (collateral kills)
  Robin (D:3)
  2 dart slugs (D:3)
  5 orcs (D:3)
  A goblin (D:3)
  A bat (D:3)
  A rat (D:1)
11 creatures vanquished.

Vanquished Creatures (others)
  An adder (D:3)
  A hobgoblin (D:1)
2 creatures vanquished.

Grand Total: 76 creatures vanquished

Notes
Turn   | Place    | Note
-------+----------+-------------------------------------------
     0 | D:1      | MatthieuS the Kobold Artificer began the quest for the Orb.
     0 | D:1      | Reached XP level 1. HP: 12/12 MP: 3/3
   229 | D:1      | Reached skill level 4 in Evocations
   229 | D:1      | Reached XP level 2. HP: 12/16 MP: 5/5
   592 | D:1      | Reached XP level 3. HP: 12/21 MP: 6/6
  1832 | D:2      | Reached XP level 4. HP: 25/26 MP: 7/7
  2140 | D:2      | Reached skill level 5 in Evocations
  2816 | D:3      | Noticed Robin
  2828 | D:3      | Killed Robin
  2828 | D:3      | Reached XP level 5. HP: 20/31 MP: 8/8
  2982 | D:3      | Found a shattered altar of Ashenzari.
  3315 | D:3      | Killed from afar by an orc priest

Levels and vault maps discovered:
D:1:      ncdulo_watergridlock, layout_loops_ring
D:2:      layout_basic
D:3:      layout_basic, evilmike_ruin_ashenzari, uniq_robin

Skill      XL: |  1  2  3  4 |
---------------+-------------+-----
Stealth        | 2 3 |  3.8
Evocations     | 4 5 |  5.7
Fighting       | 2 |  2.8
Short Blades   | |  1.3
Dodging        | |  2.4

Action                   |  1- 3 |  4- 6 || total
-------------------------+-------+-------++-------
Melee: Short sword       |   108 |    44 ||   152
 Fire: Hunting sling     |       |    92 ||    92
Evoke: Wand              |     5 |    12 ||    17
  Eat: Chunk             |    11 |     5 ||    16
Armor: Leather armour    |    14 |     5 ||    19
       Scale mail        |    34 |    52 ||    86
Dodge: Dodged            |    66 |    84 ||   150

Table legend:
 A = Non-vault XP
 B = Vault XP
 C = Vault XP percentage of total XP
 D = Non-vault monster count
 E = Vault monster count
 F = Vault count percentage of total count
                 A         B        C        D         E       F
            +---------+---------+-------+---------+---------+-------
      Total |     206 |      26 |  11.2 |      64 |      10 |  13.5
            +---------+---------+-------+---------+---------+-------
        D:1 |      49 |       0 |   0.0 |      18 |       0 |   0.0
        D:2 |      64 |       0 |   0.0 |      23 |       0 |   0.0
        D:3 |      93 |      26 |  21.8 |      23 |      10 |  30.3
            +---------+---------+-------+---------+---------+-------
